 Dungeon Crawl Stone Soup version 0.27-a0-1193-g8631133539 (webtiles) character file.

Game seed: 1345381737067424371

261 bande the Covered (level 6, -4/38 HPs)
             Began as a Gargoyle Fighter on May 27, 2021.
             Slain by a lemure (5 damage)
             ... led by Pikel
             ... on level 3 of the Dungeon.
             The game lasted 00:06:54 (4464 turns).

bande the Covered (Gargoyle Fighter)                Turns: 4464, Time: 00:06:55

Health: -4/38      AC: 15    Str: 17 (20) XL:     6   Next: 18%
Magic:  6/6        EV:  5    Int:  8      God:
Gold:   95         SH:  9    Dex: 10 (11) Spells: 5/5 levels left

rFire    . . .     SeeInvis .   a - +0 war axe
rCold    . . .     Faith    .   c - +0 kite shield
rNeg     + . .     Spirit   .   n - +0 chain mail
rPois    ∞         Reflect  .   (no helmet)
rElec    +         Harm     .   (no cloak)
rCorr    .         Rampage  .   b - +0 pair of gloves
Will     +....                  (no boots)
Stlth    ..........             (no amulet)
HPRegen  0.12/turn              f - ring of willpower
MPRegen  0.10/turn              (no ring)

@: no status effects
A: sickness immunity, AC +4, negative energy resistance 1, electricity
resistance, torment resistance 1, petrification resistance
a: no special abilities


You were on level 3 of the Dungeon.
You visited 1 branch of the dungeon, and saw 4 of its levels.

You collected 95 gold pieces.

Inventory:

Hand Weapons
 a - a +0 war axe (weapon)
 j - a +0 flail
Armour
 b - a +0 pair of gloves (worn)
 c - a +0 kite shield (worn)
 n - a +0 chain mail (worn)
Jewellery
 f - a ring of willpower (left hand)
Wands
 l - a wand of flame (10)
Scrolls
 e - a scroll of blinking
 g - 2 scrolls of teleportation
Potions
 d - 2 potions of might
 h - a potion of heal wounds


   Skills:
 + Level 4.0 Fighting
 + Level 3.7 Axes
 + Level 4.4 Armour
 + Level 1.2 Dodging
 - Level 0.5 Stealth
 + Level 4.2 Shields


You had 5 spell levels left.
You didn't know any spells.
Your spell library was empty.

Dungeon Overview and Level Annotations

Branches:
Dungeon (4/15)
 Temple: D:4-7

Altars:
Dithmenos

Shops:
D:4 (

Annotations:
D:4 Pikel


Innate Abilities, Weirdness & Mutations

You are immune to sickness and miasma.
Your stone body is resilient. (AC +4)
You are immune to poison.
You resist negative energy. (rN+)
You are resistant to electric shocks. (rElec)
You are resistant to unholy torment.
You are immune to petrification.


Message History

You block the lemure's attack.
You barely miss the lemure.
The lemure is moderately wounded.
The lemure hits you but does no damage. You block the lemure's attack.
Your shield prevents you from hitting the lemure.
The lemure is moderately wounded.
The lemure hits you.
* * * LOW HITPOINT WARNING * * *
You barely miss the lemure.
The lemure is moderately wounded.
The lemure hits you but does no damage. x2
You slash the lemure!
The lemure is severely wounded.
The lemure hits you but does no damage.
Your shield prevents you from hitting the lemure.
The lemure is severely wounded.
The lemure hits you.
* * * LOW HITPOINT WARNING * * *
You block the lemure's attack.
You closely miss the lemure.
The lemure is severely wounded.
The lemure hits you but does no damage.
You closely miss the lemure.
The lemure is severely wounded.
You block the lemure's attack. The lemure hits you but does no damage.
Your shield and chain mail prevent you from hitting the lemure.
The lemure is severely wounded.
You block the lemure's attack. The lemure hits you but does no damage.
You closely miss the lemure.
The lemure is severely wounded.
The lemure hits you but does no damage.
You closely miss the lemure.
The lemure is severely wounded.
The lemure hits you.
* * * LOW HITPOINT WARNING * * *
The lemure hits you but does no damage.
You closely miss the lemure.
The lemure is severely wounded.
The lemure hits you.
You die...

#..........# #.
#..........# #.
#..........# #.
#..........# #.
#..........# #.
#.......>..# #.
########5### #.
#5# #. #@# #.
#.###############.
#...............#.
###############.#.
#.#. #.#. #.#.
#.#. #.#.


You could see 2 lemures.

Vanquished Creatures
  A phantom (D:2)
  Ijyb (D:3)
  Terence (D:3)
  2 orc wizards
  4 adders
  A dart slug (D:3)
  3 orcs
  10 ball pythons
  2 endoplasms
  A giant cockroach (D:1)
  6 goblins
  9 hobgoblins
  2 quokkas
  A bat (D:2)
  2 frilled lizards
  7 kobolds
  6 rats
59 creatures vanquished.

Notes
Turn   | Place    | Note
-------+----------+-------------------------------------------
     0 | D:1      | bande the Gargoyle Fighter began the quest for the Orb.
     0 | D:1      | Reached XP level 1. HP: 14/14 MP: 1/1
   234 | D:1      | Reached XP level 2. HP: 19/19 MP: 2/2
   349 | D:1      | Found a faded altar of an unknown god.
  1111 | D:2      | Reached XP level 3. HP: 20/23 MP: 3/3
  1562 | D:2      | Found a shadowy altar of Dithmenos.
  1572 | D:2      | Reached XP level 4. HP: 28/28 MP: 4/4
  1989 | D:2      | Noticed a phantom
  2000 | D:2      | Killed a phantom
  2001 | D:2      | Reached XP level 5. HP: 19/33 MP: 5/5
  2505 | D:3      | Noticed Terence
  2517 | D:3      | Reached skill level 1 in Dodging
  2525 | D:3      | Killed Terence
  3106 | D:3      | Reached XP level 6. HP: 11/38 MP: 6/6
  3837 | D:3      | Noticed Ijyb
  3858 | D:3      | Killed Ijyb
  4398 | D:4      | Found Badall's Antique Weapon Shop.
  4424 | D:4      | Noticed Pikel
  4463 | D:3      | HP: 1/38 [lemure[Pikel] (4)]
  4464 | D:3      | Slain by a lemure

Illustrated notes

Levels and vault maps discovered:
D:1:      psy_arrival_terrarium, layout_loops_cross,
          shapermc_ecumenical_altar_venn, minmay_pentomino_s2
D:2:      layout_basic, basic_altar, grunt_decor_resistance
D:3:      layout_basic, chequers_serial_rivers_micro_e, uniq_terence, uniq_ijyb
D:4:      layout_gridville, minmay_temple_entry_arrows, serial_shops, shop,
          uniq_pikel, uniq_duvessa, uniq_edmund

Skill      XL: |  1  2  3  4  5 |
---------------+----------------+-----
Axes           | 2 3 |  3.7
Armour         | 4 |  4.4
Dodging        | 1 |  1.2
Shields        | 4 |  4.2
Fighting       | 4 |  4.0
Stealth        | |  0.5

Action                   |  1- 3 |  4- 6 || total
-------------------------+-------+-------++-------
Melee: War axe           |   106 |   170 ||   276
  Use: Scroll            |     5 |     1 ||     6
       Potion            |       |     4 ||     4
Armor: Scale mail        |    76 |    95 ||   171
       Chain mail        |       |    24 ||    24
Dodge: Dodged            |    41 |    36 ||    77
Block: Kite shield       |    63 |    93 ||   156

Table legend: (Time is in decaauts)
 A = Elapsed time spent in this place.
 B = Non-inter-level travel time spent in this place.
 C = Inter-level travel time spent in this place.
 D = Time resting spent in this place.
 E = Time spent auto-exploring this place.
 F = Levels seen in this place.
 G = Mean time per level.
                   A        B        C        D        E       F      G
               +--------+--------+--------+--------+--------+-----+--------+
         Total |   4628 |   4587 |     41 |   1553 |   2273 |   4 | 1157.0 |
       Dungeon |   4628 |   4587 |     41 |   1553 |   2273 |   4 | 1157.0 |
               +--------+--------+--------+--------+--------+-----+--------+

Top non-repeatable levels by time:
     D:2: 1906 daAuts
     D:3: 1748 daAuts
     D:1: 912 daAuts
     D:4: 61 daAuts
